 Dungeon Crawl Stone Soup version 0.26.1-11-gd32895ea62 (webtiles) character file.

Game seed: 1185366994639272847

6841 ubername the Tainter (level 11, -1/74 (83) HPs)
             Began as a Barachi Venom Mage on July 8, 2021.
             Was a Priest of Sif Muna.
             Slain by an unseen horror (5 damage)
             ... on level 10 of the Dungeon.
             The game lasted 00:40:33 (16510 turns).

ubername the Tainter (Barachi Venom Mage)          Turns: 16510, Time: 00:40:34

HP:   -1/74 (83)    AC: 11    Str:  9    XL:     11   Next: 5%
MP:   22/22         EV: 15    Int: 18    God:    Sif Muna [***...]
Gold: 443           SH:  0    Dex: 20    Spells: 10/25 levels left

rFire    . . .     SeeInvis .   a - +3 dagger (venom)
rCold    . . .     Faith    +   (no shield)
rNeg     . . .     Spirit   .   o - +2 robe {Will+}
rPois    .         Reflect  .   (helmet restricted)
rElec    .         Harm     .   j - +2 cloak
rCorr    .         Rampage  .   (no gloves)
Will     +....                  (no boots)
Stlth    +++.......             z - amulet of faith
HPRegen  0.22/turn              k - +6 ring of dexterity
MPRegen  0.18/turn              q - +4 ring of protection

@: heavily drained, slow
A: +LOS, swims, horns 1, robust 1, slowness 1, strong legs 1
a: Hop, Renounce Religion, Channel Magic, Forget Spell


You were on level 10 of the Dungeon.
You worshipped Sif Muna.
Sif Muna was most pleased with you.
You visited 2 branches of the dungeon, and saw 11 of its levels.

You collected 517 gold pieces.
You spent 74 gold pieces at shops.

Inventory:

Hand Weapons
 a - a +3 dagger of venom (weapon)
 b - a +2 dagger of protection
 w - a +2 hunting sling of freezing
Missiles
 c - 7 atropa-tipped darts
 m - 104 sling bullets
 p - 3 boomerangs (quivered)
 t - 51 poisoned darts
Armour
 j - a +2 cloak (worn)
 o - a +2 robe of willpower (worn)
Jewellery
 e - an uncursed ring of resist corrosion
 k - a +6 ring of dexterity (left hand)
 n - an uncursed ring of stealth
 q - a +4 ring of protection (right hand)
 y - an uncursed ring of poison resistance
 z - an amulet of faith (around neck)
 A - an uncursed amulet of magic regeneration
Wands
 f - a wand of polymorph (8)
 g - a wand of random effects (24)
 s - a wand of iceblast (8)
 u - a wand of paralysis (1)
Scrolls
 h - a scroll of fog
 i - a scroll of enchant armour
 l - a scroll of identify
 v - 3 scrolls of remove curse
 x - a scroll of enchant weapon
Potions
 d - a potion of magic
 r - a potion of curing


   Skills:
 + Level 3.7 Fighting
 + Level 4.6 Short Blades
 + Level 2.3 Throwing
 + Level 4.6 Dodging
 + Level 3.8 Stealth
 * Level 7.7 Spellcasting
 * Level 3.8 Conjurations
 + Level 1.8 Transmutations
 * Level 5.8 Fire Magic
 * Level 6.5 Air Magic
 * Level 9.8 Poison Magic
 + Level 0.1 Evocations


You had 10 spell levels left.
You knew the following spells:

 Your Spells              Type           Power        Failure   Level
a - Sting                 Tmut/Pois      100%         1%          1
b - Poisonous Vapours     Pois/Air       72%          1%          2
c - Mephitic Cloud        Conj/Pois/Air  31%          1%          3
d - Ignite Poison         Fire/Tmut/Pois 28%          2%          3
e - Olgreb's Toxic Radia  Pois           42%          1%          4
f - Wereblood             Tmut           13%          7%          2

Your spell library contained the following spells:

 Spells                   Type           Power        Failure   Level
 Magic Dart               Conj           80%          1%          1
 Spider Form              Tmut/Pois      14%          2%          3
 Beastly Appendage        Tmut           26%          4%          1
 Conjure Flame            Conj/Fire      24%          4%          3
 Blink                    Tloc           N/A          16%         2
 Call Imp                 Summ           7%           16%         2
 Slow                     Hex            7%           16%         2
 Ice Form                 Ice/Tmut       10%          56%         4
 Blade Hands              Tmut           6%           78%         5


Dungeon Overview and Level Annotations

Branches:
Dungeon (10/15)            Temple (1/1) D:4             Orc (0/2) D:9
   Lair: D:8-11

Altars:
Ashenzari
Cheibriados
Dithmenos
Elyvilon
Fedhas
Gozag
Hepliaklqana
Kikubaaqudgha
Makhleb
Nemelex Xobeh
Okawaru
Qazlal
Ru
Sif Muna
Trog
Uskayaw
Vehumet
Wu Jian
Xom
Yredelemnul
Zin
The Shining One
Beogh

Shops:
D:6 [

Annotations:
D:5 3 runed translucent doors, MyelinatedAxon's ghost, novice MiGl


Innate Abilities, Weirdness & Mutations

You can be seen from farther away. (+LOS)
You can swim through water.
You cover ground slowly.
You can hop short distances.
You have a pair of small horns on your head.
You are robust. (+10% HP)


Message History

You closely miss something. Something hits you. Something hits you.
* * * LOW HITPOINT WARNING * * *
Something hits you.
* * * LOW HITPOINT WARNING * * *
Something hits you but does no damage. Something barely misses you.
Something hits you.
* * * LOW HITPOINT WARNING * * *
You hit something. You headbutt something. Something barely misses you.
Something hits you but does no damage.
You barely miss something. You headbutt something. Something barely misses you.
Something hits you.
* * * LOW HITPOINT WARNING * * *
Something hits you.
* * * LOW HITPOINT WARNING * * *
Something barely misses you. Something hits you.
* * * LOW HITPOINT WARNING * * *
Something hits you.
You die...

[...<.........>............
#....#.###.#...............
#.##.#.# #.................
#....#.# ##.##'###.........
######.# #..#.# #...######
†.)..#. ##.#.# #{..#
####.#. #...# #...#
#....#.######..###...####
#..[<#..........@'.......
##############.###...#### .
#.# ..# # #.. .# #..# #
##.# .. #. .#


There were no monsters in sight!

Vanquished Creatures
  A two-headed ogre (D:7)
  2 cyclopes (D:8)
  A troll (D:9)
  Prince Ribbit (D:5)
  Grinder (D:4)
  Sigmund (D:4)
  A wyvern (D:8)
  4 orc warriors
  A necrophage (D:9)
  3 ice beasts
  A black bear (D:7)
  7 ogres
  3 phantoms
  2 centaurs
  5 bullfrogs
  A big kobold (D:7)
  2 scorpions
  A wyvern skeleton (D:8)
  6 killer bees (D:9)
  4 howler monkeys
  12 wights
  An electric eel (D:6)
  A bullfrog zombie (D:5)
  A centaur zombie (D:9)
  A jelly (D:9)
  5 orc priests
  5 hounds
  6 orc wizards
  A centaur skeleton (D:10)
  Ijyb (D:4)
  10 worker ants
  A hound zombie (D:8)
  A hound skeleton (D:7)
  A worker ant zombie (D:9)
  5 gnolls
  A howler monkey skeleton (D:5)
  11 adders
  A shadow imp (D:5)
  A white imp (D:6)
  2 ufetubi
  An ooze (D:5)
  3 adder zombies
  3 adder skeletons
  4 worms
  3 dart slugs
  10 leopard geckos
  29 orcs
  3 ball pythons
  11 giant cockroaches
  10 goblins
  9 hobgoblins
  14 kobolds
  4 quokkas
  8 bats
  6 frilled lizards
  10 rats
244 creatures vanquished.

Notes
Turn   | Place    | Note
-------+----------+-------------------------------------------
     0 | D:1      | ubername the Barachi Venom Mage began the quest for the
                  | Orb.
     0 | D:1      | Reached XP level 1. HP: 13/13 MP: 3/3
   219 | D:1      | Reached XP level 2. HP: 12/19 MP: 2/5
   269 | D:1      | Learned a level 2 spell: Poisonous Vapours
   713 | D:1      | Reached XP level 3. HP: 24/24 MP: 1/7
   926 | D:1      | Found a glowing golden altar of the Shining One.
  1418 | D:2      | Reached skill level 1 in Air Magic
  1553 | D:2      | Reached XP level 4. HP: 30/30 MP: 8/8
  1870 | D:2      | Reached skill level 4 in Poison Magic
  2377 | D:2      | Reached XP level 5. HP: 35/35 MP: 6/10
  2381 | D:2      | Learned a level 3 spell: Mephitic Cloud
  2385 | D:2      | Learned a level 3 spell: Ignite Poison
  3768 | D:3      | Gained mutation: You have a pair of small horns on your
                  | head. [potion of mutation]
  3768 | D:3      | Gained mutation: You are robust. (+10% HP) [potion of
                  | mutation]
  4193 | D:3      | Reached XP level 6. HP: 45/45 MP: 8/11
  4599 | D:4      | Found an ornate altar of the Wu Jian Council.
  4602 | D:4      | Found a sacrificial altar of Ru.
  4604 | D:4      | Found a hide-covered altar of Uskayaw.
  4786 | D:4      | Noticed Sigmund
  4924 | D:4      | Noticed Ijyb
  4926 | D:4      | Paralysed by Ijyb for 7 turns
  4935 | D:4      | Killed Ijyb
  5099 | D:4      | Noticed Grinder
  5379 | D:4      | Found a staircase to the Ecumenical Temple.
  5397 | D:4      | Reached skill level 1 in Short Blades
  5401 | D:4      | Paralysed by Grinder for 4 turns
  5407 | Temple   | Entered the Ecumenical Temple
  5683 | Temple   | Became a worshipper of Sif Muna the Loreminder
  5713 | D:4      | Killed Grinder
  5714 | D:4      | Reached skill level 1 in Fire Magic
  5714 | D:4      | Reached XP level 7. HP: 44/50 MP: 12/14
  5930 | D:4      | Reached skill level 5 in Poison Magic
  6011 | D:4      | Killed Sigmund
  6012 | D:4      | Reached skill level 5 in Spellcasting
  6291 | D:4      | Reached XP level 8. HP: 29/58 MP: 15/15
  6671 | D:5      | Entered Level 5 of the Dungeon
  6779 | D:5      | Found a shimmering altar of Xom.
  6810 | D:5      | Reached skill level 1 in Throwing
  6858 | D:5      | Found an opulent altar of Gozag.
  6896 | D:5      | Reached skill level 1 in Fighting
  7001 | D:5      | Noticed Prince Ribbit
  7007 | D:5      | Killed Prince Ribbit
  7008 | D:5      | Reached skill level 6 in Poison Magic
  7391 | D:5      | Learned a level 4 spell: Olgreb's Toxic Radiance
  7562 | D:5      | Found a runed translucent gate.
  7562 | D:5      | Noticed MyelinatedAxon's ghost (novice MiGl)
  7563 | D:5      | Found a runed translucent gate.
  7563 | D:5      | Identified the +5 spear of Scorn {protect, rElec rN+ Dex+4}
  7564 | D:5      | Found a roughly hewn altar of Beogh.
  7564 | D:5      | Found a runed translucent gate.
  7610 | D:5      | Found a radiant altar of Vehumet.
  8059 | D:5      | Found a broken altar of Ashenzari.
  8061 | D:5      | Found a white marble altar of Elyvilon.
  8061 | D:5      | Found an ancient bone altar of Kikubaaqudgha.
  8068 | D:5      | Found a shimmering blue altar of Sif Muna.
  8068 | D:5      | Found a shimmering altar of Xom.
  8068 | D:5      | Found a radiant altar of Vehumet.
  8373 | D:6      | Reached XP level 9. HP: 56/67 MP: 12/17
  8401 | D:5      | Reached * piety under Sif Muna
  8640 | D:6      | Reached skill level 5 in Air Magic
  9116 | D:6      | Reached skill level 7 in Poison Magic
  9799 | D:6      | Found Ahiusuuc's Antique Armour Shoppe.
  9806 | D:6      | Bought a runed robe for 74 gold pieces
 10249 | D:6      | Found a shadowy altar of Dithmenos.
 10647 | D:7      | Found a shadowy altar of Dithmenos.
 10650 | D:7      | Found a sparkling altar of Nemelex Xobeh.
 10659 | D:7      | Found an iron altar of Okawaru.
 10717 | D:7      | Found an ancient bone altar of Kikubaaqudgha.
 11273 | D:7      | Reached skill level 1 in Conjurations
 11422 | D:7      | Reached ** piety under Sif Muna
 11883 | D:7      | Noticed a two-headed ogre
 11898 | D:7      | Killed a two-headed ogre
 11899 | D:7      | Reached skill level 5 in Fire Magic
 11899 | D:7      | Reached skill level 8 in Poison Magic
 11899 | D:7      | Reached XP level 10. HP: 62/77 MP: 14/19
 12187 | D:8      | Noticed a cyclops
 12355 | D:8      | Killed a cyclops
 13280 | D:9      | Noticed a cyclops
 13281 | D:9      | Found a staircase to the Orcish Mines.
 13700 | D:8      | Killed a cyclops
 14009 | D:9      | Found a white marble altar of Elyvilon.
 14038 | D:9      | Reached skill level 9 in Poison Magic
 14047 | D:9      | HP: 1/69 [wight/+3 trident of freezing (3)]
 14300 | D:9      | Reached *** piety under Sif Muna
 14641 | D:9      | HP: 3/63 [wight/+3 trident of freezing (1)]
 14668 | D:10     | Entered Level 10 of the Dungeon
 15310 | D:9      | Reached XP level 11. HP: 59/73 MP: 19/22
 15385 | D:9      | Learned a level 2 spell: Wereblood
 16210 | D:9      | Found a stormy altar of Qazlal.
 16510 | D:10     | Slain by an unseen horror

Illustrated notes

Levels and vault maps discovered:
D:1:      mrwooster_arrival_statue_2, layout_rooms,
          chequers_serial_rivers_micro_d, tso_altar
D:2:      layout_loops_cross, minmay_quantized
D:3:      layout_basic
D:4:      layout_gridville, grunt_temple_overflow_open,
          minmay_temple_entry_proselytizer, gup_sewer_entry_bowl,
          minmay_pentomino_pile, uniq_sigmund, uniq_grinder, uniq_ijyb
D:5:      layout_basic, lemuel_doored_altar, doesnt_xom_only_xom, serial_glass,
          glass_columns_a, glass_columns_a, basic_altar,
          biasface_ghost_orc_armoury, grunt_decor_cap,
          chequers_serial_rivers_room_a, ldierk_geyser, grunt_gozag_breadcrumbs,
          uniq_prince_ribbit1
D:6:      layout_basic, serial_shops, nicolae_shop_waterfront,
          nicolae_lava_and_water, st_stairs_11, grunt_dithmenos_smoke
D:7:      layout_basic, minmay_overflow_temple_star_quad,
          nicolae_overflow_hidden_temple
D:8:      layout_rooms
D:9:      layout_basic, david_orc_3, basic_altar, elyvilon_altar_5
D:10:     layout_basic, ploomutoo_gammafunk_ghost_potion_laboratory,
          lightli_orcish_oven
Temple:   dshaligram_water_room_temple

Skill      XL: |  1  2  3  4  5  6  7  8  9 10 |
---------------+-------------------------------+-----
Stealth        | 2 3 |  3.8
Air Magic      | 1 2 3 4 5 6 |  6.5
Poison Magic   | 4 5 6 8 9 |  9.8
Spellcasting   | 3 4 5 6 7 |  7.7
Short Blades   | 1 2 4 |  4.6
Fire Magic     | 1 2 3 5 |  5.8
Dodging        | 3 4 |  4.6
Throwing       | 2 |  2.3
Fighting       | 2 3 |  3.7
Conjurations   | 2 3 |  3.8
Transmutations | |  1.8
Evocations     | |  0.1

Action                   |  1- 3 |  4- 6 |  7- 9 | 10-12 || total
-------------------------+-------+-------+-------+-------++-------
Melee: Club              |    31 |       |       |       ||    31
       Dagger            |     6 |   103 |   314 |   328 ||   751
       Headbutt          |       |     6 |    80 |    78 ||   164
Throw: Dart              |       |     1 |       |       ||     1
       Boomerang         |       |       |    49 |    12 ||    61
 Cast: Sting             |    15 |     8 |     1 |       ||    24
       Poisonous Vapours |    28 |    63 |    77 |    63 ||   231
       Mephitic Cloud    |       |     3 |     6 |     6 ||    15
       Ignite Poison     |       |     2 |     6 |     4 ||    12
       Olgreb's Toxic Ra |       |       |     7 |    13 ||    20
       Wereblood         |       |       |       |     2 ||     2
 Abil: Hop               |       |     2 |     1 |       ||     3
Evoke: Wand              |       |     1 |       |     3 ||     4
  Use: Scroll            |       |    12 |     3 |    11 ||    26
       Potion            |       |     4 |     5 |     4 ||    13
 Stab: Sleeping          |     1 |     1 |       |       ||     2
       Paralysed         |       |     4 |       |       ||     4
       Confused          |       |       |       |     1 ||     1
Armor: Robe              |    22 |    20 |    77 |   103 ||   222
Dodge: Dodged            |    36 |    53 |   224 |   216 ||   529
